 Seeded DCSS version 0.30-a0-986-g7f2e898f52 (webtiles) character file.

Game seed: 13137397067068997422 (custom seed)

574 mistaj the Shield-Bearer (level 7, -3/38 HPs)
             Began as a Vine Stalker Fighter on Apr 1, 2023.
             Slain by an ogre
             ... wielding a +0 giant club
              (10 damage)
             ... on level 4 of the Dungeon.
             The game lasted 00:03:35 (2226 turns).

mistaj the Shield-Bearer (Vine Stalker Fighter)     Turns: 2226, Time: 00:03:35

Health: -3/38      AC:  7    Str: 21    XL:     7   Next: 34%
Magic:  0/8        EV:  9    Int: 10    God:
Gold:   134        SH:  5    Dex: 13    Spells: 6/6 levels left

rFire   + . .      SeeInvis +    e - +2 war axe (vamp)
rCold   . . .      Faith    .    c - +0 buckler
rNeg    . . .      Spirit   +    b - +0 scale mail
rPois   .          Reflect  .    (no helmet)
rElec   .          Rampage  .    (no cloak)
rCorr   .                        (no gloves)
Will    .....                    i - +0 pair of boots Stlth
                                 (no amulet)
HPRegen 1.06/turn                n - ring of Satisfaction {+Blink rF+ Int+2 SInv Stlth-}
MPRegen 0.11/turn                (no ring)

@: no status effects
A: fangs 2, regeneration 1, magic shield, antimagic bite, no potion heal 2
a: Evoke Blink


You were on level 4 of the Dungeon.
You visited 1 branch of the dungeon, and saw 4 of its levels.

You collected 134 gold pieces.

Inventory:

Hand Weapons
 e - a +2 vampiric war axe (weapon)
Armour
 b - a +0 scale mail (worn)
 c - a +0 buckler (worn)
 i - a +0 pair of boots (worn)
Jewellery
 n - the ring of Satisfaction (left hand) {+Blink rF+ Int+2 SInv Stlth-}
   (You acquired it on level 3 of the Dungeon)

   [ring of see invisible]

   Int:       It affects your intelligence (+2).
   rF:        It protects you from fire.
   SInv:      It lets you see invisible.
   +Blink:    It lets you blink.
   Stlth:     It makes you less stealthy.
 o - an amulet of reflection
Scrolls
 g - 7 scrolls of identify {unknown}
 j - a scroll of teleportation {unknown}
 k - a scroll of vulnerability {unknown}
 l - 2 scrolls of magic mapping {unknown}
 m - a scroll of poison {unknown}
 p - a scroll of acquirement
Potions
 a - 3 potions of curing
 d - 2 potions of might
 f - 2 potions of mutation {unknown}
 h - a potion of cancellation {unknown}


   Skills:
 + Level 4.8 Fighting
 + Level 4.3 Axes
 - Level 2.4 Armour
 + Level 4.8 Shields


You had 6 spell levels left.
You didn't know any spells.
Your spell library contained the following spells:

 Spells                   Type           Power      Damage    Failure   Level
 Freeze                   Ice            0%         1d3       80%         1
 Frozen Ramparts          Ice            0%         1d1       99%         3
 Hailstorm                Conj/Ice       0%         3d3       99%         3
 Yara's Violent Unravell  Hex/Tmut       0%         3d3       100%        5
 Enfeeble                 Hex            0%         N/A       100%        7
 Chain Lightning          Conj/Air       0%         N/A       100%        9
 Fire Storm               Conj/Fire      0%         5d1       100%        9
 Shatter                  Erth           0%         3d5*      100%        9


Dungeon Overview and Level Annotations

Branches:
Dungeon (4/15)
 Temple: D:4-7

Altars:
Ashenzari
Gozag
Wu Jian


Innate Abilities, Weirdness & Mutations

You have extremely sharp teeth.
Your natural rate of healing is unusually fast.
When hurt, damage is shared between your health and your magic reserves.
Your bite disrupts and absorbs the magic of your enemies.
Potions cannot restore your health.


Message History

You open the door.
There is an open door here.
p - a scroll of acquirement A kobold comes into view.
It is wielding a +0 short sword.
The kobold shouts!
A bullfrog comes into view.
There are monsters nearby!
Found 4 stones.
You block the kobold's attack. The bullfrog barely misses you.
You slash the bullfrog! Your bite misses the bullfrog.
The bullfrog is moderately wounded.
You slash the kobold!
You kill the kobold!
You block the bullfrog's attack.
The bullfrog hits you but does no damage.
You slash the bullfrog!
You kill the bullfrog!
No target in view!
No target in view!
You see here a bullfrog corpse.
Found an opulent altar of Gozag.
An ogre comes into view. It is wielding a +0 giant club.
The ogre shouts!
Found a spear and 8 gold pieces.
Found a stone staircase leading down.
The ogre hits you with a +0 giant club!!
Ouch! That really hurt!
You are too injured to fight recklessly!
You are too injured to fight recklessly!
You are too injured to fight recklessly!
You are too injured to fight recklessly!
You are too injured to fight recklessly!
You are too injured to fight recklessly!
You barely miss the ogre. You hit the plant.
The plant begins to die.
The ogre hits you with a +0 giant club!!
* * * LOW HITPOINT WARNING * * *
You barely miss the ogre. You hit the plant. The ogre closely misses you.
You hit the ogre.
The ogre is lightly wounded.
You slash the plant! The ogre hits you with a +0 giant club!
You die...

.# #..P...# .#
#......#.$. # #..)...#..
# #.#........ # #.
..P...# ## #. P....# .#
#.###OP#P#.>.
.###########....@.......
..).....................
..†...............####..
..##...(#####.....#
..##....#####.....#
..................#
..##....#####.....#
####.#### #.....# #.#
#######


You could see an ogre.

Vanquished Creatures
  Sigmund (D:4)
  Duvessa (D:4)
  A bullfrog (D:4)
  Dowan (D:4)
  A jelly (D:4)
  Terence (D:3)
  An orc wizard (D:3)
  3 adders
  2 worms
  5 dart slugs
  7 orcs (D:3)
  6 bats
  6 endoplasms
  6 giant cockroaches
  6 goblins
  7 hobgoblins
  12 kobolds
  A quokka (D:1)
  5 ball pythons
  A frilled lizard (D:2)
  3 rats (D:2)
77 creatures vanquished.

Vanquished Creatures (others)
  A demonic plant (D:3)
1 creature vanquished.

Grand Total: 78 creatures vanquished

Notes
Turn   | Place    | Note
-------+----------+-------------------------------------------
     0 | D:1      | mistaj the Vine Stalker Fighter began the quest for the
                  | Orb.
     0 | D:1      | Reached XP level 1. HP: 11/11 MP: 2/2
    60 | D:1      | Identified a scroll of acquirement
    60 | D:1      | Acquired a +2 vampiric war axe
    74 | D:1      | Reached XP level 2. HP: 16/16 MP: 3/3
   410 | D:1      | Reached XP level 3. HP: 17/20 MP: 1/4
   486 | D:1      | You fall into a shaft and drop 1 floor!
   571 | D:2      | Found Xexamnid's Weapon Shoppe.
   830 | D:2      | Gained mutation: Your natural rate of healing is unusually
                  | fast. [Vine Stalker growth]
   830 | D:2      | Reached XP level 4. HP: 22/24 MP: 5/5
  1155 | D:3      | Noticed Terence
  1162 | D:3      | Killed Terence
  1163 | D:3      | Reached XP level 5. HP: 28/28 MP: 3/6
  1225 | D:3      | Found a broken altar of Ashenzari.
  1255 | D:3      | Acquired the ring of Satisfaction {+Blink rF+ Int+2 SInv
                  | Stlth-}
  1288 | D:3      | Found a faded altar of an unknown god.
  1300 | D:3      | Found an ornate altar of the Wu Jian Council.
  2017 | D:4      | Noticed Duvessa
  2017 | D:4      | Noticed Sigmund
  2017 | D:4      | Noticed Dowan
  2038 | D:4      | Killed Sigmund
  2039 | D:4      | Reached XP level 6. HP: 33/33 MP: 3/7
  2047 | D:4      | Killed Duvessa
  2065 | D:4      | Killed Dowan
  2066 | D:4      | Reached XP level 7. HP: 34/38 MP: 8/8
  2210 | D:4      | Found an opulent altar of Gozag.
  2226 | D:4      | Slain by an ogre

Illustrated notes

Levels and vault maps discovered:
D:1:      dpeg_arrival_long_road, layout_basic
D:2:      layout_rooms, serial_shops, nicolae_shop_bloodbath_and_beyond
D:3:      layout_loops_corners, lemuel_round_altar,
          mainiacjoe_overflow_alcove_4, shapermc_ecumenical_altar_gd,
          minmay_misc_feat_roman, uniq_terence
D:4:      cheibrodos_old_hovel, layout_basic, kennysheep_mini,
          nicolae_gozag_cash_rules_everything_around_me, zin_statuary,
          uniq_eustachio, uniq_duvessa, uniq_blork_the_orc, uniq_sigmund

Skill      XL: |  1  2  3  4  5  6 |
---------------+-------------------+-----
Axes           | 2 3 4 |  4.3
Fighting       | 3 4 |  4.8
Shields        | 3 4 |  4.8
Armour         | |  2.4

Action                     |  1- 3 |  4- 6 |  7- 9 || total
---------------------------+-------+-------+-------++-------
  Melee: War axe           |   108 |    78 |    13 ||   199
         Bite              |    20 |    18 |     1 ||    39
    Use: Scroll            |     1 |     1 |       ||     2
 Armour: Scale mail        |    46 |    34 |     4 ||    84
  Dodge: Dodged            |    48 |    28 |     5 ||    81
  Block: Buckler           |    23 |    15 |     3 ||    41

Table legend: (Time is in decaauts)
 A = Elapsed time spent in this place.
 B = Non-inter-level travel time spent in this place.
 C = Inter-level travel time spent in this place.
 D = Time resting spent in this place.
 E = Time spent auto-exploring this place.
 F = Levels seen in this place.
 G = Mean time per level.
                   A        B        C        D        E       F      G
               +--------+--------+--------+--------+--------+-----+--------+
         Total |   2305 |   2266 |     39 |     46 |   1594 |   4 |  576.2 |
       Dungeon |   2305 |   2266 |     39 |     46 |   1594 |   4 |  576.2 |
               +--------+--------+--------+--------+--------+-----+--------+

Top non-repeatable levels by time:
     D:3: 1014 daAuts
     D:1: 665 daAuts
     D:2: 387 daAuts
     D:4: 238 daAuts
